 Dungeon Crawl Stone Soup version 0.24-a0-537-g2d01d4ab0a (webtiles) character file.

Game seed: 3404447250061246115

44 Chiseanne the Magician (level 3, 0/24 HPs)
             Began as a Demonspawn Wizard on Aug 14, 2019.
             Slain by an orc
             ... wielding a +0 club
              (4 damage)
             ... on level 2 of the Dungeon.
             The game lasted 00:03:43 (2088 turns).

Chiseanne the Magician (Demonspawn Wizard)          Turns: 2088, Time: 00:03:43

Health: 0/24       AC:  4    Str:  4 (7)  XL:     3   Next: 41%
Magic:  0/8        EV: 12    Int: 17 (20) God:
Gold:   47         SH:  0    Dex:  9 (11) Spells: 8/9 levels left

rFire    + . .     SeeInvis +   f - +0 dagger
rCold    . . .     Gourm    .   (no shield)
rNeg     . . .     Faith    .   a - +0 robe
rPois    .         Spirit   .   p - +0 helmet (curse)
rElec    .         Reflect  .   (no cloak)
rCorr    .         Harm     .   c - +0 pair of gloves
MR       .....                  (no boots)
Stlth    ++........             (no amulet)
HPRegen  0.08/turn              j - ring of see invisible
MPRegen  0.11/turn              (no ring)

@: no status effects
A: fire resistance 1
a: no special abilities


You were on level 2 of the Dungeon.
You were not hungry.

You visited 1 branch of the dungeon, and saw 2 of its levels.

You collected 47 gold pieces.

Inventory:

Hand Weapons
 f - a +0 dagger (weapon)
 k - a +0 hunting sling
Missiles
 b - 12 arrows
 e - 15 poisoned darts (quivered)
 l - 51 stones
 r - 5 curare-tipped darts
Armour
 a - a +0 robe (worn)
 c - a +0 pair of gloves (worn)
 p - a cursed +0 helmet (worn)
Jewellery
 i - an uncursed ring of fire
 j - a ring of see invisible (left hand)
Scrolls
 g - 3 scrolls of remove curse
 n - 2 scrolls of identify
 q - a scroll of enchant armour {unknown}
 s - a scroll of teleportation {unknown}
Potions
 h - a potion of brilliance
Comestibles
 d - a ration


   Skills:
 - Level 1.7 Dodging
 - Level 1.7 Stealth
 * Level 3.7 Spellcasting
 * Level 2.4 Conjurations
   Level 1.0 Summonings
   Level 0.8 Translocations


You had 8 spell levels left.
You knew the following spells:

 Your Spells              Type           Power        Failure   Level  Hunger
a - Magic Dart            Conj           ##..         6%          1    None

Your spell library contained the following spells:

 Spells                   Type           Power        Failure   Level  Hunger
 Call Imp                 Summ           #.......     16%         2    ##.....
 Blink                    Tloc           N/A          17%         2    ##.....
 Slow                     Hex            #.......     24%         2    ##.....
 Conjure Flame            Conj/Fire      #.......     30%         3    ###....
 Mephitic Cloud           Conj/Pois/Air  #.......     34%         3    ###....


Dungeon Overview and Level Annotations

Branches:
Dungeon (2/15)

Altars:


Innate Abilities, Weirdness & Mutations

Your flesh is heat resistant. (rF+)


Message History

Unknown command.
It was a potion of degeneration.
There was something very wrong with that liquid.
You feel weakened.
You feel dopey.
You feel clumsy.
You hit the orc but do no damage. The orc hits you but does no damage.
Casting: Magic Dart (safe; 6% risk of failure)
Confirm with . or Enter, or press ? or * to list all spells.
Aiming: Magic Dart (safe; 6% risk of failure)
Press: ? - help, Shift-Dir - straight line, f/p - orc wizard
Aim: an orc wizard, wielding a +0 dagger and wearing a +0 robe (severely wounded)
The magic dart hits the orc wizard.
The orc wizard is severely wounded.
The orc wizard casts a spell.
The orc wizard blinks!
The orc hits you with a +0 club.
* * * LOW HITPOINT WARNING * * *
You closely miss the orc. The orc completely misses you.
You hit the orc.
The orc is lightly wounded.
The orc hits you with a +0 club.
You die...

#....##÷##....#
#.............#
#....o#.##....#
#.....#÷##....#
#.....#..#....#
#.....##.#....#
###.....##.#....#
#.......##.#.####
## #.#o@..###.#.#
<########
#.###### #.#.###
Y.......# #.#
#.....#
........#####.#
#...#.#
........<..o..#
#..>#.#
.........######
#####'####
[........#
#.......#
...?....##
#.......#
.%......#
#.......#


You could see an orc wizard and an orc.

Vanquished Creatures
  An adder (D:2)
  An ooze (D:1)
  A leopard gecko (D:1)
  An orc (D:1)
  A ball python (D:2)
  7 goblins
  2 hobgoblins
  A kobold (D:1)
  A quokka (D:2)
  5 bats
  A frilled lizard (D:2)
  5 rats
27 creatures vanquished.

Notes
Turn   | Place    | Note
-------+----------+-------------------------------------------
     0 | D:1      | Chiseanne the Demonspawn Wizard began the quest for the
                  | Orb.
     0 | D:1      | Reached XP level 1. HP: 13/13 MP: 4/4
   203 | D:1      | Gained mutation: Your flesh is heat resistant. (rF+)
                  | [demonic ancestry]
   203 | D:1      | Reached XP level 2. HP: 19/19 MP: 3/6
   400 | D:1      | You fall into a shaft and drop 1 floor!
   865 | D:2      | Reached XP level 3. HP: 16/24 MP: 0/8
  1127 | D:2      | Noticed an ice beast
  2088 | D:2      | Slain by an orc

Levels and vault maps discovered:
D:1:      roderic_crop_circles_arrival_small, layout_loops_cross,
          minmay_misc_feat_nine_boxes
D:2:      layout_basic

Skill      XL: |  1  2 |
---------------+-------+-----
Conjurations   | 2 |  2.4
Dodging        | |  1.7
Stealth        | |  1.7
Spellcasting   | |  3.7
Summonings     | |  1.0
Translocations | |  0.8

Action                   || total
-------------------------++-------
Melee: Dagger            ||    21
 Cast: Magic Dart        ||    67
  Use: Scroll            ||     3
       Potion            ||     1
  Eat: Chunk             ||     3
Armor: Robe              ||    17
Dodge: Dodged            ||    32

Table legend:
 A = Non-vault XP
 B = Vault XP
 C = Vault XP percentage of total XP
 D = Non-vault monster count
 E = Vault monster count
 F = Vault count percentage of total count
                 A         B        C        D         E       F
            +---------+---------+-------+---------+---------+-------
      Total |      64 |       0 |   0.0 |      27 |       0 |   0.0
            +---------+---------+-------+---------+---------+-------
        D:1 |      28 |       0 |   0.0 |      13 |       0 |   0.0
        D:2 |      36 |       0 |   0.0 |      14 |       0 |   0.0
            +---------+---------+-------+---------+---------+-------
